 Dungeon Crawl Stone Soup version 0.19.1-28-ge1247f7 (webtiles) character file.

136 Jynx the Conjurer (level 4, -1/24 HPs)
             Began as a Deep Elf Conjurer on Jan 20, 2017.
             Slain by a gnoll
             ... wielding a +0 whip
              (3 damage)
             ... on level 2 of the Dungeon on Jan 21, 2017.
             The game lasted 00:07:53 (2018 turns).

Jynx the Conjurer (Deep Elf Conjurer)               Turns: 2018, Time: 00:07:54

Health: -1/24      AC:  2    Str:  5    XL:     4   Next: 98%
Magic:  2/12       EV: 13    Int: 21    God:
Gold:   84         SH:  0    Dex: 15    Spells: 2 memorised, 9 levels left

rFire  . . .     SeeInvis .     j - +0 short sword
rCold  . . .     Gourm    .     a - +0 robe
rNeg   . . .     Faith    .     (no shield)
rPois  .         Spirit   .     (no helmet)
rElec  .         Reflect  .     (no cloak)
rCorr  .         Harm     .     (no gloves)
MR     .....                    (no boots)
Stlth  ++........               (no amulet)
                                (no ring)
                                (no ring)

@: no status effects
A: no striking features
a: no special abilities


You were on level 2 of the Dungeon.
You were very hungry.

You visited 1 branch of the dungeon, and saw 3 of its levels.

You collected 84 gold pieces.

Inventory:

Hand Weapons
 j - a +0 short sword (weapon)
Armour
 a - a +0 robe (worn)
Jewellery
 l - a cursed ring of teleportation {unknown}
Scrolls
 e - a scroll of recharging {unknown}
 f - 2 scrolls of identify {unknown}
Potions
 d - 3 potions of curing {unknown}
 h - a potion of ambrosia {unknown}
 n - a potion of flight {unknown}
 o - a potion of agility {unknown}
Books
 b - a book of Conjurations

   Spells                             Type                      Level
   a - Magic Dart                     Conjuration                  1
   b - Searing Ray                    Conjuration                  2
   c - Dazzling Spray                 Conjuration/Hexes            3
   d - Fulminant Prism                Conjuration/Hexes            4
   e - Iskenderun's Mystic Blast      Conjuration                  4
   f - Iskenderun's Battlesphere      Conjuration/Charms           5
Comestibles
 c - 2 bread rations
 g - 2 meat rations
 k - a slice of pizza
 m - 2 fruits


   Skills:
 - Level 2.4 Dodging
 - Level 2.4 Stealth
 + Level 4.6 Spellcasting
 * Level 6.2 Conjurations


You had 9 spell levels left.
You knew the following spells:

 Your Spells              Type           Power        Failure   Level  Hunger
a - Magic Dart            Conj           ####         1%          1    None
b - Searing Ray           Conj           ####..       1%          2    #......


Dungeon Overview and Level Annotations

Branches:
Dungeon (3/15)

Altars:


Message History

You barely miss the gnoll. The gnoll barely misses you.
There is a stone staircase leading up here.
The gnoll hits you with a whip!
* * * LOW HITPOINT WARNING * * *
You climb upwards.
There is a stone staircase leading down here.
Okay, then.
Okay, then.
Unknown command.
The gnoll hits you with a whip.
* * * LOW HITPOINT WARNING * * *
Casting: Magic Dart
Confirm with . or Enter, or press ? or * to list all spells.
Aiming: Magic Dart
Press: ? - help, Shift-Dir - straight line, f - gnoll
Aim: a gnoll, wielding a whip The magic dart hits the gnoll.
The gnoll is severely wounded.
The gnoll hits you with a whip.
You die...

# ###############
########.......g@....#
#.........##########.#
+..>......# #.#
#.........# #.#
#.........# #.#
....####+## #.#
##..####.# #.#
##.......# #.#
#.####### #.#


You could see a gnoll.

Vanquished Creatures
  An orc wizard (D:3)
  3 gnolls (D:3)
  3 adders (D:2)
  A dart slug (D:1)
  A leopard gecko (D:1)
  2 orcs (D:3)
  4 bats
  3 giant cockroaches (D:1)
  7 goblins
  4 hobgoblins
  6 jackals (D:2)
  6 kobolds
  2 frilled lizards (D:2)
  4 rats (D:1)
47 creatures vanquished.

Notes
Turn   | Place    | Note
-------+----------+-------------------------------------------
     0 | D:1      | Jynx the Deep Elf Conjurer began the quest for the Orb.
     0 | D:1      | Reached XP level 1. HP: 10/10 MP: 6/6
   321 | D:1      | Reached XP level 2. HP: 15/15 MP: 4/8
   403 | D:1      | Upgraded the game from 0.19.1-1-g22dce08 to 0.19.1-28-ge1247f7
   585 | D:1      | Reached skill level 5 in Conjurations
  1025 | D:2      | Reached XP level 3. HP: 19/19 MP: 5/10
  1029 | D:2      | Learned a level 2 spell: Searing Ray
  1412 | D:2      | Found a faded altar of an unknown god.
  1672 | D:2      | Reached XP level 4. HP: 24/24 MP: 9/12
  1967 | D:3      | Reached skill level 6 in Conjurations
  2006 | D:2      | HP: 1/24 [gnoll/whip (5)]
  2018 | D:2      | Slain by a gnoll

Skill      XL: |  1  2  3  4 |
---------------+-------------+-----
Conjurations   | 5 6 |  6.2
Spellcasting   | 4 |  4.6
Dodging        | |  2.4
Stealth        | |  2.4

Action                   |  1- 3 |  4- 6 || total
-------------------------+-------+-------++-------
Melee: Unarmed           |     9 |       ||     9
       Short sword       |     5 |     2 ||     7
 Cast: Magic Dart        |    67 |    17 ||    84
       Searing Ray       |     1 |     3 ||     4
  Eat: Chunk             |     2 |       ||     2
Armor: Robe              |     2 |     1 ||     3
Dodge: Dodged            |    13 |     2 ||    15
